 Dungeon Crawl Stone Soup version 0.30-a0-458-g86641cc369 (webtiles) character file.

Game seed: 6374056602521574350

836 jlumianski the Shield-Bearer (level 7, -1/55 HPs)
             Began as a Demonspawn Fighter on Dec 14, 2022.
             Was a Follower of Qazlal.
             Killed by divine providence
             ... invoked by an orc priest
              (12 damage)
             ... on level 5 of the Dungeon.
             The game lasted 00:17:43 (3647 turns).

jlumianski the Shield-Bearer (Demonspawn Fighter)   Turns: 3647, Time: 00:17:44

Health: -1/55      AC: 17    Str: 18    XL:     7   Next: 66%
Magic:  8/8        EV:  4    Int:  9    God:    Qazlal [*.....]
Gold:   261        SH: 18    Dex: 25    Spells: 6/6 levels left

rFire   . . .      SeeInvis .    a - +0 war axe
rCold   . . .      Faith    .    i - +0 tower shield
rNeg    . . .      Spirit   .    s - +0 chain mail
rPois   .          Reflect  .    (no helmet)
rElec   .          Harm     .    l - +0 cloak
rCorr   .          Rampage  .    (no gloves)
Will    .....                    e - +0 pair of boots
Stlth   ..........               y - amulet of the acrobat
HPRegen 0.29/turn                v - +6 ring of dexterity
MPRegen 0.11/turn                r - +6 ring of dexterity

@: sanguine armoured
A: spiny 1, sanguine armour 1, condensation shield
a: Renounce Religion


You were on level 5 of the Dungeon.
You worshipped Qazlal.
Qazlal was aware of your devotion.
You visited 2 branches of the dungeon, and saw 6 of its levels.

You collected 261 gold pieces.

Inventory:

Hand Weapons
 a - a +0 war axe (weapon)
Missiles
 g - 44 stones (quivered)
 n - 10 javelins
 F - 4 boomerangs
Armour
 b - a +0 scale mail
 c - a +0 buckler
 e - a +0 pair of boots (worn)
 i - a +0 tower shield (worn)
 l - a +0 cloak (worn)
 s - a +0 chain mail (worn)
Jewellery
 r - a +6 ring of dexterity (right hand)
 v - a +6 ring of dexterity (left hand)
 y - an amulet of the acrobat (around neck)
 z - a ring of ice
Wands
 x - a wand of charming (7)
 A - a wand of iceblast (11)
Scrolls
 h - a scroll of poison
 j - a scroll of amnesia
 t - a scroll of teleportation
 w - 2 scrolls of silence {unknown}
 B - a scroll of brand weapon {unknown}
 C - a scroll of fear
 E - a scroll of noise {unknown}
Potions
 d - 3 potions of might
 f - 3 potions of curing
 k - a potion of resistance
 m - 2 potions of heal wounds
 o - a potion of attraction
 p - 2 potions of degeneration
 q - a potion of ambrosia
 u - a potion of lignification
 D - a potion of mutation {unknown}


   Skills:
 * Level 4.5 Fighting
 + Level 4.9 Axes
 + Level 3.3 Armour
 + Level 0.6 Dodging
 + Level 5.3 Shields
 * Level 2.5 Invocations


You had 6 spell levels left.
You didn't know any spells.
Your spell library contained the following spells:

 Spells                   Type           Power      Damage    Failure   Level
 Ensorcelled Hibernation  Hex/Ice        0%         N/A       100%        2
 Passwall                 Tmut/Erth      0%         N/A       100%        2
 Swiftness                Air            0%         N/A       100%        3
 Tukima's Dance           Hex            0%         N/A       100%        3
 Passage of Golubria      Tloc           0%         N/A       100%        4
 Summon Lightning Spire   Summ/Air       0%         N/A       100%        4
 Yara's Violent Unravell  Hex/Tmut       0%         3d3       100%        5
 Storm Form               Tmut/Air       0%         N/A       100%        7
 Maxwell's Capacitive Co  Air            0%         ∞         100%        8


Dungeon Overview and Level Annotations

Branches:
Dungeon (5/15)             Temple (1/1) D:4

Altars:
Gozag
Makhleb
Nemelex Xobeh
Qazlal


Innate Abilities, Weirdness & Mutations

You are partially covered in sharp spines.
When seriously injured, your blood forms armour. (AC +6)
A meltable shield of frost defends you. (SH +0)


Message History

Something hits you but does no damage.
You barely miss something.
The orc priest shouts!
You block something's attack.
The orc priest mumbles some strange prayers to Beogh against you.
Beogh smites you!
Your blood congeals into armour.
Something hits you but does no damage.
You barely miss something. Something hits you but does no damage.
You slash something! Qazlal accepts your kill.
Reactivating autopickup.
You feel a bit more experienced. You block the orc's attack.
You closely miss the orc.
The orc priest calls down the wrath of Beogh upon you.
Beogh smites you! You block the orc's attack.
You hit the orc but do no damage. You block the orc's attack.
The orc hits you but does no damage.
You closely miss the orc. You block the orc's attack.
You barely miss the orc. You block the orc's attack. x2
You hit the orc.
The orc is heavily wounded.
You block the orc's attack. The orc is struck by your spines.
The orc hits you but does no damage.
You closely miss the orc.
The orc is almost dead.
You block the orc's attack.
You slash the orc!
You kill the orc!
Qazlal accepts your kill. You block the orc's attack.
You completely miss the orc. You block the orc's attack.
The orc priest calls down the wrath of Beogh upon you.
Beogh smites you!
* * * LOW HITPOINT WARNING * * *
You slash the orc!
You kill the orc!
Qazlal accepts your kill.
The orc priest calls down the wrath of Beogh upon you.
Beogh smites you!
You die...

... .... .. .#.. ##...# ..##..##
...# #..... .....#. #..###.##.#
##..##. ...... .. #.....##.#
#...... ...... ..#####>..##.##
####...... .....# ..
#..........###.........
.....#......####.#.........##....
.....#. # #@###.#...####....
...... #)# #...#.<.......
.....#####.# #o# #.###.####.#..
....<....... #.# #.# #.###.....
.....#####.......# #####.##......
...... ......... ...........
....### #o#..>.... ...........
.... ###.....# ##.#....... ...#
......# #..#.......


You could see an orc priest.

Vanquished Creatures
  An ice beast (D:5)
  5 scorpions
  3 wights (D:4)
  A hound (D:4)
  A jelly (D:4)
  An iguana (D:5)
  2 orc wizards
  4 adders
  A worm (D:4)
  5 dart slugs
  11 orcs
  7 ball pythons
  5 bats
  8 endoplasms
  3 giant cockroaches
  9 goblins
  11 hobgoblins
  10 jackals
  3 kobolds
  5 quokkas
  8 frilled lizards
  6 rats
110 creatures vanquished.

Notes
Turn   | Place    | Note
-------+----------+-------------------------------------------
     0 | D:1      | jlumianski the Demonspawn Fighter began the quest for the
                  | Orb.
     0 | D:1      | Reached XP level 1. HP: 18/18 MP: 1/1
     8 | D:1      | Upgraded the game from 0.30-a0-457-g4b7bca3bfa to
                  | 0.30-a0-458-g86641cc369
    21 | D:1      | Reached skill level 3 in Shields
    59 | D:2      | Gained mutation: When seriously injured, your blood forms
                  | armour. (AC +6) [demonic ancestry]
    59 | D:2      | Reached XP level 2. HP: 17/24 MP: 2/2
   552 | D:1      | Reached XP level 3. HP: 29/29 MP: 3/3
  1210 | D:2      | Gained mutation: A meltable shield of frost defends you.
                  | (SH +0) [demonic ancestry]
  1210 | D:2      | Reached XP level 4. HP: 33/35 MP: 4/4
  1795 | D:4      | Noticed a scorpion
  1827 | D:4      | Killed a scorpion
  1828 | D:4      | Reached skill level 4 in Shields
  1828 | D:4      | Reached XP level 5. HP: 22/42 MP: 5/5
  2492 | D:4      | Found a staircase to the Ecumenical Temple.
  2502 | Temple   | Entered the Ecumenical Temple
  2526 | Temple   | Became a worshipper of Qazlal Stormbringer
  2675 | D:4      | Reached XP level 6. HP: 42/48 MP: 6/6
  2875 | D:5      | Entered Level 5 of the Dungeon
  3281 | D:5      | Reached skill level 1 in Invocations
  3281 | D:5      | Gained mutation: You are partially covered in sharp spines.
                  | [demonic ancestry]
  3281 | D:5      | Reached XP level 7. HP: 54/54 MP: 7/7
  3310 | D:5      | Reached skill level 5 in Shields
  3316 | D:5      | Reached * piety under Qazlal
  3647 | D:5      | Killed from afar by an orc priest

Illustrated notes

Levels and vault maps discovered:
D:1:      giann_horns, layout_loops_cross
D:2:      layout_rooms, minmay_nonomino_d4
D:3:      layout_loops_ring, kennysheep_minor_cross,
          nicolae_figureground_sparkle
D:4:      layout_basic, minmay_temple_entry_glass
D:5:      layout_rooms
Temple:   oiseaux_autumnal_temple

Skill      XL: |  1  2  3  4  5  6  7 |
---------------+----------------------+-----
Shields        | 3 4 5 |  5.3
Axes           | 2 3 4 |  4.9
Armour         | 3 |  3.3
Fighting       | 4 |  4.5
Invocations    | 1 2 |  2.5
Dodging        | |  0.6

Action                   |  1- 3 |  4- 6 |  7- 9 || total
-------------------------+-------+-------+-------++-------
Melee: War axe           |   125 |   186 |    53 ||   364
Throw: Stone             |       |     2 |       ||     2
  Use: Scroll            |       |     7 |       ||     7
       Potion            |       |     4 |       ||     4
Armor: Scale mail        |    62 |     4 |       ||    66
       Chain mail        |       |    58 |    22 ||    80
Dodge: Dodged            |    43 |    10 |       ||    53
Block: Buckler           |     7 |       |       ||     7
       Tower shield      |    73 |   224 |    66 ||   363

Table legend: (Time is in decaauts)
 A = Elapsed time spent in this place.
 B = Non-inter-level travel time spent in this place.
 C = Inter-level travel time spent in this place.
 D = Time resting spent in this place.
 E = Time spent auto-exploring this place.
 F = Levels seen in this place.
 G = Mean time per level.
                   A        B        C        D        E       F      G
               +--------+--------+--------+--------+--------+-----+--------+
         Total |   3909 |   3798 |    111 |    157 |   1759 |   6 |  651.5 |
       Dungeon |   3865 |   3754 |    111 |    157 |   1749 |   5 |  773.0 |
        Temple |     44 |     44 |      0 |      0 |     10 |   1 |   44.0 |
               +--------+--------+--------+--------+--------+-----+--------+

Top non-repeatable levels by time:
     D:3: 1083 daAuts
     D:4: 1031 daAuts
     D:1: 898 daAuts
     D:2: 641 daAuts
     D:5: 209 daAuts
  Temple: 44 daAuts
